 Dungeon Crawl Stone Soup version 0.29-a0-892-g2c4c91d9db (webtiles) character file.

Game seed: 147815711538727002

46 wingedge the Shooter (level 3, -5/26 HPs)
             Began as a Human Wanderer on July 22, 2022.
             Slain by a gnoll
             ... wielding a +0 spear
              (6 damage)
             ... on level 2 of the Dungeon.
             The game lasted 00:03:14 (626 turns).

wingedge the Shooter (Human Wanderer)                Turns: 626, Time: 00:03:14

Health: -5/26      AC:  3    Str:  9    XL:     3   Next: 95%
Magic:  3/3        EV: 12    Int: 11    God:
Gold:   51         SH:  0    Dex: 18    Spells: 2/2 levels left

rFire   + . .      SeeInvis .   i - +0 long sword (vorpal)
rCold   + . .      Faith    .   (no shield)
rNeg    . . .      Spirit   .   e - +0 robe
rPois   +          Reflect  .   (no helmet)
rElec   +          Harm     .   c - +0 cloak
rCorr   +          Rampage  .   (no gloves)
Will    .....                   (no boots)
Stlth   ++........              (no amulet)
HPRegen 0.08/turn               (no ring)
MPRegen 0.08/turn               (no ring)

@: resistant
A: no striking features
a: no special abilities


You were on level 2 of the Dungeon.
You visited 1 branch of the dungeon, and saw 2 of its levels.

You collected 51 gold pieces.

Inventory:

Hand Weapons
 a - a +0 sling
 i - a +0 vorpal long sword (weapon)
Armour
 c - a +0 cloak (worn)
 e - a +0 robe (worn)
Scrolls
 d - a scroll of blinking
 g - a scroll of fog
 k - a scroll of fear {unknown}
Potions
 l - a potion of cancellation {unknown}
Miscellaneous
 b - a tin of tremorstones (inert) (quivered)


   Skills:
 * Level 1.3 Fighting
 * Level 1.8 Long Blades
 - Level 4.0 Ranged Weapons
 - Level 2.0 Dodging
 - Level 1.0 Stealth
 + Level 3.1 Evocations


You had 2 spell levels left.
You didn't know any spells.
Your spell library was empty.

Dungeon Overview and Level Annotations

Branches:
Dungeon (2/15)

Altars:


Message History

You feel better. The gnoll closely misses you. The gnoll barely misses you.
The gnoll closely misses you.
You barely miss the gnoll.
The gnoll is severely wounded.
The gnoll closely misses you. The gnoll hits you with a +0 club.
The gnoll barely misses you.
You slash the gnoll!
You kill the gnoll!
The gnoll closely misses you.
A frilled lizard comes into view.
The gnoll barely misses you.
The frilled lizard hisses angrily.
You slash the gnoll!
The gnoll is severely wounded.
The gnoll hits you from afar with a +0 spear.
The gnoll misses you. The gnoll hits you but does no damage.
The gnoll hits you with a +0 club.
You hit the gnoll.
The gnoll is almost dead.
The gnoll hits you from afar with a +0 spear.
The gnoll hits you with a +0 club.
* * * LOW HITPOINT WARNING * * *
The frilled lizard closely misses you.
You hit the gnoll.
You kill the gnoll!
The gnoll barely misses you. The frilled lizard barely misses you.
You closely miss the frilled lizard. The gnoll misses you.
The frilled lizard unfolds its giant frill.
The frilled lizard bites you.
* * * LOW HITPOINT WARNING * * *
You hit the frilled lizard.
You kill the frilled lizard!
The gnoll misses you.
The gnoll hits you from afar with a +0 spear.
* * * LOW HITPOINT WARNING * * *
You see here 4 silver javelins.
It was a potion of resistance.
You feel protected.
The gnoll hits you from afar with a +0 spear.
You die...

...... ######## #....####
# ....#..#### #
...#.#.#.#### # #
..####.##...#..#.#####
...$......##.#...#...#.##
#...###)......#...#.)...
#..gKg....#.#...#...#.##
##..###@..#...#†.#.#### #
##..#.#.#.#### #..#..####
...#### ..... #####. .# #


You could see a gnoll, a goblin and a kobold.

Vanquished Creatures
  2 gnolls (D:2)
  An adder (D:2)
  A dart slug (D:1)
  An endoplasm (D:2)
  2 hobgoblins
  2 kobolds
  2 quokkas
  A ball python (D:1)
  2 bats
  A frilled lizard (D:2)
  2 goblins
17 creatures vanquished.

Notes
Turn   | Place    | Note
-------+----------+-------------------------------------------
     0 | D:1      | wingedge the Human Wanderer began the quest for the Orb.
     0 | D:1      | wingedge set off with the following items: a +0 sling, a
                  | tin of tremorstones (2/2), a +0 cloak, a scroll of
                  | blinking, a +0 robe.
     0 | D:1      | Reached XP level 1. HP: 15/15 MP: 1/1
    99 | D:1      | Reached XP level 2. HP: 19/21 MP: 2/2
   196 | D:1      | You fall into a shaft and drop 1 floor!
   496 | D:2      | Reached skill level 1 in Long Blades
   496 | D:2      | Reached XP level 3. HP: 18/26 MP: 3/3
   624 | D:2      | HP: 1/26 [gnoll/+0 spear (3)]
   626 | D:2      | Slain by a gnoll

Illustrated notes

Levels and vault maps discovered:
D:1:      ldierk_walled_garden_2, layout_basic,
          hellmonk_ecumenical_altar_blasted
D:2:      minmay_spotlight, layout_loops_ring, uniq_sigmund, uniq_natasha

Skill      XL: |  1  2 |
---------------+-------+-----
Evocations     | 3 |  3.1
Long Blades    | 1 |  1.8
Fighting       | |  1.3
Ranged Weapons | |  4.0
Dodging        | |  2.0
Stealth        | |  1.0

Action                   || total
-------------------------++-------
Melee: Long sword        ||    41
 Fire: Sling             ||     6
Evoke: Tin of tremorston ||     2
  Use: Scroll            ||     3
       Potion            ||     4
 Stab: Sleeping          ||     3
Armor: Robe              ||     7
Dodge: Dodged            ||    38

Table legend: (Time is in decaauts)
 A = Elapsed time spent in this place.
 B = Non-inter-level travel time spent in this place.
 C = Inter-level travel time spent in this place.
 D = Time resting spent in this place.
 E = Time spent auto-exploring this place.
 F = Levels seen in this place.
 G = Mean time per level.
                   A        B        C        D        E       F      G
               +--------+--------+--------+--------+--------+-----+--------+
         Total |    642 |    642 |      0 |    250 |    244 |   2 |  321.0 |
       Dungeon |    642 |    642 |      0 |    250 |    244 |   2 |  321.0 |
               +--------+--------+--------+--------+--------+-----+--------+

Top non-repeatable levels by time:
     D:2: 440 daAuts
     D:1: 202 daAuts
